 Dungeon Crawl Stone Soup version 0.24-a0-368-g0e0cebd0f3 (webtiles) character file.

Game seed: 1113626688494204929

86 nikopol the Firebug (level 4, -1/24 HPs)
             Began as a Deep Elf Fire Elementalist on May 28, 2019.
             Slain by Crazy Yiuf
             ... wielding a +3 quarterstaff of chaos
              (2 damage)
             ... on level 2 of the Dungeon.
             The game lasted 00:02:48 (1289 turns).

nikopol the Firebug (Deep Elf Fire Elementalist)    Turns: 1289, Time: 00:02:49

Health: -1/24      AC:  5    Str:  5    XL:     4   Next: 27%
Magic:  6/11       EV: 13    Int: 21    God:
Gold:   141        SH:  0    Dex: 15    Spells: 0/10 levels left

rFire    . . .     SeeInvis .   j - +0 short sword
rCold    . . .     Gourm    .   (no shield)
rNeg     . . .     Faith    .   a - +0 robe
rPois    .         Spirit   .   l - +0 helmet
rElec    .         Reflect  .   (no cloak)
rCorr    .         Harm     .   m - +1 pair of gloves
MR       .....                  (no boots)
Stlth    ++........             (no amulet)
HPRegen  0.08/turn              (no ring)
MPRegen  0.12/turn              (no ring)

@: lethally poisoned (-1 -> -14)
A: no striking features
a: no special abilities


You were on level 2 of the Dungeon.
You were hungry.

You visited 1 branch of the dungeon, and saw 2 of its levels.

You collected 141 gold pieces.

Inventory:

Hand Weapons
 j - a +0 short sword (weapon)
Armour
 a - a +0 robe (worn)
 l - a +0 helmet (worn)
 m - a +1 pair of gloves (worn)
Scrolls
 f - a scroll of fog {unknown}
 g - 2 scrolls of enchant armour {unknown}
 h - a scroll of teleportation
 i - a scroll of random uselessness {unknown}
 n - a scroll of enchant weapon {unknown}
 o - a scroll of magic mapping {unknown}
Potions
 b - a potion of curing
 d - a potion of cancellation {unknown}
 e - 2 potions of flight {unknown}
 k - a potion of brilliance {unknown}
Comestibles
 c - 5 rations


   Skills:
 + Level 2.9 Dodging
 + Level 2.7 Stealth
 + Level 3.7 Spellcasting
 + Level 1.8 Conjurations
 + Level 4.7 Fire Magic


You couldn't memorise any spells.
You knew the following spells:

 Your Spells              Type           Power        Failure   Level  Hunger
a - Flame Tongue          Conj/Fire      ###..        3%          1    None
b - Throw Flame           Conj/Fire      ###...       4%          2    ##.....
c - Conjure Flame         Conj/Fire      ###.....     10%         3    ###....
d - Sticky Flame          Conj/Fire      ###.....     32%         4    ####...

Your spell library contained the following spells:

 Spells                   Type           Power        Failure   Level  Hunger
 Inner Flame              Hex/Fire       ##......     14%         3    ###....
 Fireball                 Conj/Fire      ###.......   65%         5    ######.


Dungeon Overview and Level Annotations

Branches:
Dungeon (2/15)

Altars:

Annotations:
D:2 Crazy Yiuf


Message History

Casting: Flame Tongue (safe; 3% risk of failure)
Confirm with . or Enter, or press ? or * to list all spells.
Aiming: Flame Tongue (safe; 3% risk of failure)
Press: ? - help, Shift-Dir - straight line, f/p - Crazy Yiuf
Aim: Crazy Yiuf, wielding a +3 quarterstaff of chaos and wearing a +0 cloak (severely wounded)
The flame tongue hits Crazy Yiuf.
Crazy Yiuf is almost dead.
You feel sick.
Crazy Yiuf waves his quarterstaff at you.
Crazy Yiuf misses you.
Casting: Flame Tongue (safe; 3% risk of failure)
Confirm with . or Enter, or press ? or * to list all spells.
Aiming: Flame Tongue (safe; 3% risk of failure)
Press: ? - help, Shift-Dir - straight line, f/p - Crazy Yiuf
Aim: Crazy Yiuf, wielding a +3 quarterstaff of chaos and wearing a +0 cloak (almost dead)
The flame tongue misses Crazy Yiuf.
You feel sick.
Crazy Yiuf hits you with a +3 quarterstaff of chaos!
* * * LOW HITPOINT WARNING * * *
Crazy Yiuf freezes you.
You die...

.#########...#
...........###
.########### .#
##### .# #).)# '##
#)))# ..# ))) ..#
#g# ..# ♣♣@♣ .##
♣)♣♣ .##### ♣♣)♣
.#...####### ♣)♣♣
.#.#.[.....# ♣♣)♣♣
.#.#.......# ♣)..♣♣
.#.#.......# ♣P.P.♣
...#.####### #....#
#..#.......###+..+#


You could see Crazy Yiuf.

Vanquished Creatures
  Natasha (twice) (D:2)
  An adder (D:2)
  An ooze (D:2)
  2 dart slugs (D:2)
  A leopard gecko (D:2)
  A ball python (D:1)
  4 bats
  A goblin (D:1)
  4 hobgoblins
  A frilled lizard (D:2)
  2 kobolds
  A rat (D:1)
21 creatures vanquished.

Notes
Turn   | Place    | Note
-------+----------+-------------------------------------------
     0 | D:1      | nikopol the Deep Elf Fire Elementalist began the quest for
                  | the Orb.
     0 | D:1      | Reached XP level 1. HP: 10/10 MP: 6/6
   216 | D:1      | Reached XP level 2. HP: 15/15 MP: 4/8
   451 | D:2      | Reached skill level 4 in Fire Magic
   636 | D:2      | Noticed Natasha
   642 | D:2      | Noticed a crimson imp
   644 | D:2      | Noticed a crimson imp
   644 | D:2      | Killed Natasha
   644 | D:2      | Reached XP level 3. HP: 8/19 MP: 3/9
   725 | D:2      | Learned a level 2 spell: Throw Flame
   729 | D:2      | Learned a level 3 spell: Conjure Flame
  1043 | D:2      | Noticed Natasha
  1047 | D:2      | Killed Natasha
  1047 | D:2      | Reached XP level 4. HP: 11/24 MP: 7/11
  1268 | D:2      | Learned a level 4 spell: Sticky Flame
  1280 | D:2      | Found a runed translucent door.
  1281 | D:2      | Noticed Crazy Yiuf
  1289 | D:2      | HP: 1/24 [Crazy Yiuf/+3 quarterstaff of chaos (7)]
  1289 | D:2      | Slain by Crazy Yiuf

Levels and vault maps discovered:
D:1:      dpeg_arrival_rooms_a, layout_rooms
D:2:      layout_basic, serial_glass, glass_columns_b, glass_columns_b,
          first_ration, uniq_crazy_yiuf_cottage, uniq_natasha

Skill      XL: |  1  2 |
---------------+-------+-----
Fire Magic     | 4 |  4.7
Dodging        | |  2.9
Stealth        | |  2.7
Spellcasting   | |  3.7
Conjurations   | |  1.8

Action                   |  1- 3 |  4- 6 || total
-------------------------+-------+-------++-------
 Cast: Flame Tongue      |    46 |     9 ||    55
  Use: Scroll            |     2 |       ||     2
       Potion            |     1 |       ||     1
Armor: Robe              |     1 |     1 ||     2
Dodge: Dodged            |     7 |     2 ||     9

Table legend:
 A = Non-vault XP
 B = Vault XP
 C = Vault XP percentage of total XP
 D = Non-vault monster count
 E = Vault monster count
 F = Vault count percentage of total count
                 A         B        C        D         E       F
            +---------+---------+-------+---------+---------+-------
      Total |      89 |      35 |  28.2 |      20 |       1 |   4.8
            +---------+---------+-------+---------+---------+-------
        D:1 |      15 |       0 |   0.0 |       9 |       0 |   0.0
        D:2 |      74 |      35 |  32.1 |      11 |       1 |   8.3
            +---------+---------+-------+---------+---------+-------
